 Seeded DCSS version 0.30.1-11-g7821555f0a (webtiles) character file.

Game seed: 6351066067085065685 (custom seed)

327 Esekla the Thaumaturge (level 6, -9/32 HPs)
             Began as a Deep Elf Wanderer on Dec 12, 2023.
             Was a Follower of Vehumet.
             Killed from afar by a white imp (13 damage)
             ... with a puff of frost
             ... on level 5 of the Dungeon.
             The game lasted 00:17:50 (2703 turns).

Esekla the Thaumaturge (Deep Elf Wanderer)          Turns: 2703, Time: 00:17:51

Health: -9/32      AC:  4    Str: 11    XL:     6   Next: 24%
Magic:  19/19      EV: 11    Int: 20    God:    Vehumet [*.....]
Gold:   189        SH:  4    Dex: 14    Spells: 11/21 levels left

rFire   . . .        s - +5 rapier of the Hero {heavy, rN+ Dex+3}
rCold   . . .        d - +0 buckler
rNeg    + . .        c - +0 robe
rPois   .            m - +0 helmet
rElec   .            (no cloak)
rCorr   .            l - +0 pair of gloves
SInv    .            (no boots)
Will    .....        (no amulet)
Stlth   ++           (no ring)
HPRegen 0.25/turn    (no ring)
MPRegen 0.16/turn

%: no passive effects
@: no status effects
A: no striking features
a: Renounce Religion


You were on level 5 of the Dungeon.
You worshipped Vehumet.
Vehumet was aware of your devotion.
You visited 1 branch of the dungeon, and saw 5 of its levels.

You collected 189 gold pieces.

Inventory:

Hand Weapons
 a - a +1 short sword of freezing
 r - a +0 spear
 s - the +5 rapier of the Hero (weapon) {heavy, rN+ Dex+3}
   (You found it on level 3 of the Dungeon)

   Dex:       It affects your dexterity (+3).
   rN:        It protects you from negative energy.
Missiles
 x - 9 poisoned darts (quivered)
Armour
 c - a +0 robe (worn)
 d - a +0 buckler (worn)
 l - a +0 pair of gloves (worn)
 m - a +0 helmet (worn)
Jewellery
 A - an amulet of magic regeneration
Wands
 i - a wand of roots (9)
 B - a wand of flame (15)
Scrolls
 g - 4 scrolls of identify {unknown}
 o - 2 scrolls of enchant weapon {unknown}
 p - 2 scrolls of amnesia {unknown}
 q - a scroll of enchant armour {unknown}
 t - a scroll of blinking {unknown}
 u - a scroll of fog {unknown}
 w - a scroll of immolation {unknown}
 y - a scroll of silence {unknown}
 z - a scroll of magic mapping {unknown}
 C - a scroll of fear
Potions
 b - 2 potions of lignification
 e - a potion of ambrosia {unknown}
 f - 2 potions of attraction {unknown}
 h - a potion of heal wounds {unknown}
 j - a potion of haste {unknown}
 k - 3 potions of curing {unknown}
 n - a potion of mutation {unknown}
 v - 3 potions of brilliance {unknown}


   Skills:
 + Level 0.7 Short Blades
 + Level 0.7 Throwing
 * Level 1.7 Dodging
 + Level 1.4 Stealth
 + Level 1.6 Shields
 * Level 8.0 Spellcasting
 + Level 1.0 Conjurations
 * Level 2.5 Necromancy
 + Level 2.4 Translocations
 + Level 0.1 Poison Magic
 + Level 1.0 Invocations


You had 11 spell levels left.
You knew the following spells:

 Your Spells              Type           Power      Damage    Failure   Level
a - Magic Dart            Conj           48%        1d5       9%          1
b - Blink                 Tloc           34%        N/A       7%          2
d - Vampiric Draining     Necr           18%        2d7       13%         3
n - Ignite Poison         Fire/Tmut/Pois 8%         N/A       34%         3
p - Apportation           Tloc           34%        N/A       4%          1

Your spell library contained the following spells:

 Spells                   Type           Power      Damage    Failure   Level
 Freeze                   Ice            32%        1d5       12%         1
 Lesser Beckoning         Tloc           34%        N/A       7%          2
 Gell's Gravitas          Tloc           17%        N/A       14%         3
 Teleport Other           Tloc           17%        N/A       14%         3
 Spider Form              Tmut/Pois      8%         N/A       34%         3
 Cause Fear               Hex            4%         N/A       77%         4
 Summon Mana Viper        Hex/Summ       8%         N/A       98%         5


Dungeon Overview and Level Annotations

Branches:
Dungeon (5/15)
 Temple: D:4-7

Altars:
Dithmenos
Hepliaklqana
Okawaru
Qazlal
Trog
Vehumet
Zin

Shops:
D:2 =   D:4 (


Message History

The adder closely misses you. x2
You barely miss the adder. The adder misses you. You block the adder's attack.
You puncture the adder!
The adder is severely wounded.
You block the adder's attack. The adder bites you but does no damage.
You miss the adder.
The adder is severely wounded.
The adder bites you but does no damage. The adder barely misses you.
The adder closely misses you.
You completely miss the adder.
The adder is severely wounded.
The adder bites you but does no damage. The adder barely misses you.
You puncture the adder!
You kill the adder!
Vehumet accepts your kill.
You feel your power returning.
Found a scroll of fear.
Found an escape hatch in the ceiling.
C - a scroll of fear
Found a stone staircase leading down.
A white imp comes into view.
The white imp shouts, "Escape, thou spindly knotty-pated dewberry!"
You closely miss the white imp. The white imp hits you.
The white imp freezes you. The white imp hits you. The white imp freezes you.
You puncture the white imp!
The white imp is almost dead.
The white imp gestures at you. The puff of frost hits you!
The white imp barely misses you.
You barely miss the white imp.
The white imp is almost dead.
The white imp gestures at you. The puff of frost hits you!
* * * LOW HITPOINT WARNING * * *
You closely miss the white imp.
The white imp is almost dead.
The white imp closely misses you.
The white imp grins evilly.
The white imp gestures at you. The puff of frost hits you!
You die...

#.....................<
#.#........##..........
#.##......<........####
#.###...#.#######..#
#.# ##..#....####..#
#.# #..#.###......# #.#
#...# ##.##.## #.#
#...# #....# #.# #@#.#
##.#### #..5....###..#
#............#.#
###.#####..###.# #.#
#..# #.# #.# #..###.###
#.# #........# #.#
##.###.#.# #.# #.#
#.#.#


You could see a white imp.

Vanquished Creatures
  2 scorpions (D:5)
  A hound (D:3)
  A sleepcap (D:5)
  An iguana (D:2)
  3 gnolls
  5 adders
  2 dart slugs
  4 orcs
  4 endoplasms
  8 goblins
  4 hobgoblins
  A quokka (D:1)
  6 ball pythons
  4 bats
  4 frilled lizards
  5 kobolds
  A rat (D:2)
56 creatures vanquished.

Notes
Turn   | Place    | Note
-------+----------+-------------------------------------------
     0 | D:1      | Esekla the Deep Elf Wanderer began the quest for the Orb.
     0 | D:1      | Esekla set off with the following items: a +0 club, a
                  | potion of lignification, a +0 robe, a +0 buckler; and the
                  | following spells available to memorise: Apportation, Blink,
                  | Lesser Beckoning, Magic Dart, Ignite Poison, Vampiric
                  | Draining.
     0 | D:1      | Reached XP level 1. HP: 10/10 MP: 7/7
     2 | D:1      | Learned a level 1 spell: Magic Dart
     4 | D:1      | Learned a level 1 spell: Apportation
   259 | D:2      | Found Renulab's Jewellery Shop.
   446 | D:4      | Found a radiant altar of Vehumet.
   450 | D:4      | Became a worshipper of Vehumet
   465 | D:4      | Found an iron altar of Okawaru.
   476 | D:4      | Found a glowing silver altar of Zin.
   578 | D:4      | Found Ponaysk's Antique Weapon Boutique.
   702 | D:3      | Reached skill level 1 in Necromancy
   817 | D:3      | Reached XP level 2. HP: 3/15 MP: 7/9
   820 | D:3      | Learned a level 2 spell: Blink
   951 | D:3      | Reached skill level 5 in Spellcasting
  1063 | D:3      | Identified the +5 rapier of the Hero {heavy, rN+ Dex+3}
  1237 | D:2      | Reached skill level 1 in Dodging
  1306 | D:1      | Reached XP level 3. HP: 19/19 MP: 9/11
  1306 | D:1      | Reached * piety under Vehumet
  1306 | D:1      | Offered knowledge of Freeze by Vehumet.
  1392 | D:1      | Learned a level 3 spell: Ignite Poison
  1396 | D:1      | Learned a level 3 spell: Vampiric Draining
  1776 | D:2      | Reached skill level 6 in Spellcasting
  1776 | D:2      | Reached XP level 4. HP: 22/24 MP: 10/14
  1821 | D:2      | Found a faded altar of an unknown god.
  2094 | D:3      | Found a stormy altar of Qazlal.
  2106 | D:3      | Found a bloodstained altar of Trog.
  2108 | D:3      | Found a hazy altar of Hepliaklqana.
  2114 | D:3      | Reached XP level 5. HP: 21/28 MP: 5/16
  2298 | D:3      | Reached skill level 7 in Spellcasting
  2412 | D:5      | Entered Level 5 of the Dungeon
  2416 | D:5      | Got the Parchment of the Lumpy Olives
  2444 | D:5      | Found a shadowy altar of Dithmenos.
  2581 | D:5      | Reached skill level 1 in Conjurations
  2581 | D:5      | Reached XP level 6. HP: 27/32 MP: 10/18
  2625 | D:5      | Reached skill level 8 in Spellcasting
  2703 | D:5      | Killed from afar by a white imp

Illustrated notes

Levels and vault maps discovered:
D:1:      sevenhm_arrival_forest_fort_small_3, layout_rooms,
          chequers_serial_rivers_room_b, minmay_misc_feat_five
D:2:      layout_loops_ring, dreamdust_ecumenical_altar_angels_and_demons,
          serial_shops, shop
D:3:      layout_basic, grunt_temple_overflow_open, minmay_misc_feat_iff
D:4:      layout_basic, nicolae_overflow_quartered_altars, serial_shops,
          nicolae_diamond_shop
D:5:      layout_loops_ring, lemuel_doored_altar, minmay_misc_feat_rows,
          dreamdust_wishing_well

Skill      XL: |  1  2  3  4  5  6 |
---------------+-------------------+-----
Necromancy     | 1 2 |  2.5
Spellcasting   | 5 6 7 8 |  8.0
Dodging        | 1 |  1.7
Conjurations   | 1 |  1.0
Short Blades   | |  0.7
Throwing       | |  0.7
Stealth        | |  1.4
Shields        | |  1.6
Translocations | |  2.4
Poison Magic   | |  0.1
Invocations    | |  1.0

Action                     |  1- 3 |  4- 6 || total
---------------------------+-------+-------++-------
  Melee: Short sword       |    27 |       ||    27
         Rapier            |    27 |    40 ||    67
  Throw: Dart              |       |     7 ||     7
   Cast: Apportation       |    28 |    12 ||    40
         Magic Dart        |    42 |    18 ||    60
         Vampiric Draining |     2 |     9 ||    11
         Blink             |       |     1 ||     1
    Use: Scroll            |     1 |       ||     1
   Stab: Sleeping          |     1 |     1 ||     2
         Distracted        |     1 |       ||     1
 Armour: Robe              |    18 |    14 ||    32
  Dodge: Dodged            |    35 |    36 ||    71
  Block: Buckler           |    15 |    12 ||    27
